 Dungeon Crawl Stone Soup version 0.21-a0-521-g1cd18d1 (webtiles) character file.

160 slep the Chopper (level 5, 0/28 HPs)
             Began as a Vine Stalker Monk on Dec 6, 2017.
             Slain by slep's ghost (5 damage)
             ... on level 3 of the Dungeon.
             The game lasted 00:07:19 (1233 turns).

slep the Chopper (Vine Stalker Monk)                Turns: 1233, Time: 00:07:19

Health: 0/28       AC: 11    Str: 15    XL:     5   Next: 41%
Magic:  0/6        EV:  7    Int: 10    God:
Gold:   128        SH:  2    Dex: 16    Spells: 4/4 levels left

rFire    . . .     SeeInvis .   a - +0 hand axe
rCold    + . .     Gourm    .   (no shield)
rNeg     . . .     Faith    .   s - +1 chain mail {rC+}
rPois    .         Spirit   +   j - +0 helmet
rElec    .         Reflect  +   n - +0 cloak
rCorr    .         Harm     .   (no gloves)
MR       .....                  (no boots)
Stlth    ..........             f - +2 amulet of reflection
HPRegen  0.49/turn              (no ring)
MPRegen  0.10/turn              (no ring)

@: no status effects
A: fangs 2, regeneration 1, magic shield, antimagic bite, no potion heal 3, rot
immunity
a: no special abilities


You were on level 3 of the Dungeon.
You were not hungry.

You visited 1 branch of the dungeon, and saw 3 of its levels.

You collected 128 gold pieces.

Inventory:

Hand Weapons
 a - a +0 hand axe (weapon)
Missiles
 d - 62 sling bullets
Armour
 b - a +0 robe
 i - a +0 ring mail
 j - a +0 helmet (worn)
 n - a +0 cloak (worn)
 s - a +1 chain mail of cold resistance (worn)
Jewellery
 f - a +2 amulet of reflection (around neck)
Scrolls
 e - a scroll of enchant weapon {unknown}
 l - a scroll of teleportation {unknown}
 m - a scroll of blinking {unknown}
 o - a scroll of identify {unknown}
 r - a scroll of amnesia {unknown}
Potions
 k - a potion of agility
 q - a potion of degeneration {unknown}
Comestibles
 c - 3 bread rations
 g - 3 meat rations
 h - a royal jelly


   Skills:
 + Level 3.3 Fighting
 + Level 4.4 Axes
 + Level 0.3 Armour
 + Level 2.9 Dodging
 + Level 2.7 Stealth


You had 4 spell levels left.
You didn't know any spells.

Dungeon Overview and Level Annotations

Branches:
Dungeon (3/15)

Altars:
The Shining One

Annotations:
D:3 slep's ghost, amateur DsMo


Innate Abilities, Weirdness & Mutations

You have extremely sharp teeth.
Your natural rate of healing is unusually fast.
When hurt, damage is shared between your health and your magic reserves.
Your bite disrupts and absorbs the magic of your enemies.
Potions cannot restore your health.
You are immune to rotting.


Message History

Slep's ghost barely misses you.
You hit slep's ghost but do no damage.
You bite slep's ghost, but do no damage.
Slep's ghost is severely damaged.
Slep's ghost hits you but does no damage.
You hit slep's ghost but do no damage.
Slep's ghost is severely damaged.
Slep's ghost hits you!
You closely miss slep's ghost.
Slep's ghost is severely damaged.
Slep's ghost hits you.
You hit slep's ghost but do no damage.
Slep's ghost is severely damaged.
Slep's ghost hits you!
You barely miss slep's ghost.
Slep's ghost is severely damaged.
Slep's ghost hits you.
* * * LOW HITPOINT WARNING * * *
Slep's ghost hits you.
You die...

#####.# .. ####.....#
... ..##.##### ...
#.##†# #.# #.##.#
...#.##.#
..###.#.##.############
$.........wW@.........#
...........##########.#
#.##.##..####.†.......#
## # #..# #.#######.#
#.. #..####.## #[# #.#
#........# #.# #.#
..#####..# #.# #.#
..........######.#####.#
########................


You could see a worm and slep's ghost.

Vanquished Creatures
  Jessica (D:2)
  Terence (D:2)
  Robin (D:2)
  3 adders
  An ooze (D:2)
  A worm (D:2)
  2 dart slugs
  2 leopard geckos
  3 giant cockroaches
  12 goblins
  12 hobgoblins
  A quokka (D:3)
  6 bats
  6 frilled lizards
  2 kobolds
  3 rats
57 creatures vanquished.

Notes
Turn   | Place    | Note
-------+----------+-------------------------------------------
     0 | D:1      | slep the Vine Stalker Monk began the quest for the Orb.
     0 | D:1      | Reached XP level 1. HP: 11/11 MP: 2/2
   150 | D:1      | Reached XP level 2. HP: 5/16 MP: 3/3
   162 | D:1      | Reached skill level 3 in Axes
   437 | D:1      | Reached XP level 3. HP: 19/19 MP: 4/4
   562 | D:2      | Noticed Terence
   575 | D:2      | Killed Terence
   575 | D:2      | Gained mutation: Your natural rate of healing is unusually fast. [Vine Stalker growth]
   575 | D:2      | Reached XP level 4. HP: 8/24 MP: 1/5
   674 | D:2      | Found a glowing golden altar of the Shining One.
   677 | D:2      | Noticed Jessica
   683 | D:2      | Killed Jessica
   763 | D:2      | Noticed Robin
   792 | D:2      | Killed Robin
   792 | D:2      | Reached skill level 4 in Axes
   792 | D:2      | Reached XP level 5. HP: 16/28 MP: 6/6
  1155 | D:3      | Noticed slep's ghost (amateur DsMo)
  1233 | D:3      | Slain by slep's ghost

Vault maps used:
D:1:      eino_arrival_tree_alley, minmay_box_of_dots
D:2:      cheibrodos_old_hovel, lemuel_doored_altar, first_bread, uniq_robin,
          uniq_jessica, uniq_terence

Skill      XL: |  1  2  3  4 |
---------------+-------------+-----
Axes           | 3 4 |  4.4
Fighting       | 3 |  3.3
Armour         | |  0.3
Dodging        | |  2.9
Stealth        | |  2.7

Action                   |  1- 3 |  4- 6 || total
-------------------------+-------+-------++-------
Melee: Hand axe          |    68 |   147 ||   215
       Bite              |    22 |    41 ||    63
  Use: Potion            |       |     2 ||     2
 Stab: Sleeping          |     1 |       ||     1
  Eat: Chunk             |       |     1 ||     1
Armor: Ring mail         |    23 |    22 ||    45
       Chain mail        |       |    33 ||    33
Dodge: Dodged            |    40 |    59 ||    99
Block: Other             |     2 |     7 ||     9

Table legend:
 A = Spawn XP
 B = Non-spawn XP
 C = Spawn XP percentage of total XP
 D = Spawn monster count
 E = Non-spawn monster count
 F = Spawn count percentage of total count
 G = Total turns spent on level
                    A         B        C        D         E        F      G
               +---------+---------+-------+---------+---------+-------+---------
         Total |       0 |     229 |   0.0 |       0 |      57 |   0.0 |  1233
               +---------+---------+-------+---------+---------+-------+---------
           D:1 |       0 |      34 |   0.0 |       0 |      19 |   0.0 |   514
           D:2 |       0 |     171 |   0.0 |       0 |      32 |   0.0 |   567
           D:3 |       0 |      24 |   0.0 |       0 |       6 |   0.0 |   152
               +---------+---------+-------+---------+---------+-------+---------
